[Event "Team 45 45 League T42"]
[Site "Internet Chess Club"]
[Date "2009.09.07"]
[Round "6"]
[White "katabatico"]
[Black "fuzzface"]
[Result "0-1"]
[WhiteElo "1393"]
[BlackElo "1403"]
[Opening "King's pawn game"]
[ECO "C50"]
[Time "11:00:21"]
[TimeControl "2700+45"]

1. e4 e5 2. Nf3 Nc6 3. Bc4 h6 4. c3 Nf6 5. d4 Nxe4 6. dxe5 Bc5 7. Bxf7+ Kxf7 8.
Qd5+ Ke8 9. Qxe4 Qe7 10. O-O d6 11. Qg6+ Kf8 12. exd6 Qxd6 13. Qh5 Bb6 14. Ng5
Qf6 15. Ne4 Qf5 16. Qxf5+ Bxf5 17. Ng3 Bg6 18. Bf4 Kf7 19. Nd2 Rhe8 20. b4 Ne7
21. a4 a5 22. b5 Nd5 23. Nc4 Nxf4 24. Nxb6 cxb6 25. Rad1 Ne2+ 26. Nxe2 Rxe2 27.
Rd7+ Re7 28. Rd6 Rae8 29. Rxb6 Bd3 30. f3 Bxf1 31. Kxf1 Rc7 32. Kf2 Re6 {White
resigns} 0-1

[Event "Team 45 45 League T42"]
[Site "Internet Chess Club"]
[Date "2009.09.06"]
[Round "6"]
[White "milesotoole"]
[Black "Visin"]
[Result "1-0"]
[WhiteElo "1328"]
[BlackElo "1333"]
[Opening "Queen's pawn game, Chigorin variation"]
[ECO "D02"]
[Time "14:00:16"]
[TimeControl "2700+45"]

1. d4 d5 2. Nf3 Nc6 3. Bf4 Nf6 4. e3 Nh5 5. Bg3 Nxg3 6. hxg3 f6 7. Nh4 e5 8.
Qh5+ g6 9. Nxg6 Kd7 10. Nxh8 exd4 11. Qxh7+ Qe7 12. Qxe7+ Bxe7 13. Ng6 dxe3 14.
Nxe7 Kxe7 15. fxe3 d4 16. exd4 Nxd4 17. Kd2 Bf5 18. Bd3 Bxd3 19. Kxd3 Rd8 20.
Rh7+ Ke6 21. Nc3 Nf5+ 22. Ke4 Rd4+ 23. Kf3 Ne7 24. Re1+ {Black resigns} 1-0

[Event "Team 45 45 League T42"]
[Site "Internet Chess Club"]
[Date "2009.09.06"]
[Round "6"]
[White "Riddari"]
[Black "MateIn42"]
[Result "0-1"]
[WhiteElo "1243"]
[BlackElo "1356"]
[Opening "Ruy Lopez: Anderssen variation"]
[ECO "C77"]
[Time "14:00:53"]
[TimeControl "2700+45"]

1. e4 e5 2. Nf3 Nc6 3. Bb5 a6 4. Ba4 Nf6 5. d3 b5 6. Bb3 Be7 7. O-O O-O 8. Re1
d6 9. h3 Na5 10. Nbd2 Bb7 11. Nf1 Nxb3 12. axb3 h6 13. Ng3 Bc8 14. d4 exd4 15.
Qxd4 Be6 16. Bd2 Nh7 17. Nh5 Bf6 18. Nxf6+ Qxf6 19. e5 dxe5 20. Nxe5 Rad8 21.
Qc3 Rd5 22. Nc6 Re8 23. Rxa6 Rd6 24. Qxf6 Nxf6 25. Nb4 Rxd2 26. Rea1 Bd5 27.
Nxd5 Nxd5 28. Ra8 Kf8 29. c4 Nf6 30. Rxe8+ Kxe8 31. cxb5 Rxb2 32. Ra7 Nd5 33.
Ra5 Nb6 34. Ra7 Kd7 35. Ra3 Kd6 36. g3 Kc5 {White resigns} 0-1

[Event "Team 45 45 League T42"]
[Site "Internet Chess Club"]
[Date "2009.09.05"]
[Round "6"]
[White "jacknor"]
[Black "scottrugby"]
[Result "1-0"]
[WhiteElo "1604"]
[BlackElo "1459"]
[Opening "Sicilian: closed"]
[ECO "B23"]
[Time "13:03:05"]
[TimeControl "2700+45"]

1. e4 c5 2. Nc3 g6 3. f4 Bg7 4. Nf3 Nc6 5. Bb5 Nd4 6. O-O e6 7. e5 Nxf3+ 8. Qxf3
a6 9. Bd3 d5 10. exd6 Qxd6 11. Ne4 Qb6 12. Kh1 Nf6 13. Rb1 O-O 14. b3 Nd5 15.
Ba3 Qa5 16. Bxc5 Rd8 17. Bf2 f5 18. Bh4 fxe4 19. Bxe4 Rd7 20. c4 Nf6 21. d3 Nxe4
22. dxe4 Qxa2 23. f5 exf5 24. exf5 Rf7 25. f6 Bh6 26. Qd5 Be6 27. Qxe6 Re8 28.
Qxe8+ {Black resigns} 1-0

[Event "Team 45 45 League T42"]
[Site "Internet Chess Club"]
[Date "2009.09.04"]
[Round "6"]
[White "thefranman"]
[Black "smsxman"]
[Result "0-1"]
[WhiteElo "1448"]
[BlackElo "1593"]
[Opening "English: Sicilian reversed"]
[ECO "A25"]
[Time "14:18:50"]
[TimeControl "2700+45"]

1. c4 e5 2. Nc3 Nc6 3. e3 Nf6 4. d3 d5 5. cxd5 Nxd5 6. a3 Nxc3 7. bxc3 Bd7 8.
Nf3 Be7 9. Be2 O-O 10. O-O Re8 11. Bb2 b6 12. c4 Bf6 13. Qc2 Bf5 14. Nd2 Bc8 15.
Ne4 Be7 16. Bh5 Bf5 17. Bf3 Qd7 18. Rfd1 Rad8 19. Rab1 Bg4 20. Kh1 Bxf3 21. gxf3
Qh3 22. Rg1 Qxf3+ 23. Rg2 f5 24. Ng3 Bh4 25. Qe2 Qxe2 26. Nxe2 Rxd3 27. Nc3 Rd2
28. Nd5 Rc8 29. Kg1 g6 30. Kf1 Kf7 31. Ke1 Rc2 32. Ba1 Rxc4 33. Rd1 Bf6 34. f3
Rd8 35. Rgd2 Bh4+ 36. Ke2 Rd7 37. f4 e4 38. Bb2 Ke6 39. Bg7 {White resigns} 0-1

[Event "Team 45 45 League T42"]
[Site "Internet Chess Club"]
[Date "2009.09.07"]
[Round "6"]
[White "DrOMM"]
[Black "Just-Jim"]
[Result "0-1"]
[WhiteElo "1274"]
[BlackElo "1468"]
[Opening "Vienna gambit"]
[ECO "C29"]
[Time "14:03:02"]
[TimeControl "2700+45"]

1. e4 e5 2. Nc3 Nf6 3. f4 d6 4. fxe5 dxe5 5. Nf3 Bd6 6. d4 Qe7 7. d5 h6 8. Bd3
O-O 9. h3 b6 10. a3 c6 11. Be3 cxd5 12. Nxd5 Nxd5 13. Bxh6 gxh6 14. Qd2 Nf4 15.
O-O-O Nxd3+ 16. Qxd3 Kh7 17. Qxd6 Qxd6 18. Rxd6 f6 19. Rhd1 Bb7 20. Re1 Rf7 21.
h4 Nd7 22. g4 Nc5 23. g5 Bxe4 24. Rf1 Bxf3 25. Rxf3 Ne4 26. Rd1 hxg5 27. hxg5
Kg6 28. gxf6 Rxf6 29. Rg1+ Kf7 30. Rh3 Ke6 31. Re1 Nf2 32. Rhe3 Ng4 33. Re4 Rg8
34. Rg1 Nh6 35. Rd1 Rg5 36. Rc4 a5 37. Rc6+ Kf7 38. Rd7+ Kg6 39. Rc8 Rf1+ 40.
Rd1 Rxd1+ 41. Kxd1 Kh5 42. c3 Rg4 43. Rb8 Rg6 44. Re8 Ng4 45. Ke2 Kg5 46. Kf3
Kf5 47. Rf8+ Ke6 48. Re8+ Kd7 49. Rh8 Nf6 50. Rh4 Kd6 51. Rh2 Rg4 52. Rd2+ Kc5
53. b4+ Kc4 54. Rd6 e4+ 55. Ke2 Nd5 56. Rc6+ Kb3 57. bxa5 bxa5 58. c4 Nc3+ 59.
Ke3 Kxa3 60. Re6 Kb3 61. c5 a4 62. Rb6+ Kc2 63. c6 Nd5+ 64. Kd4 Nxb6 {White
resigns} 0-1

[Event "Team 45 45 League T42"]
[Site "Internet Chess Club"]
[Date "2009.09.07"]
[Round "6"]
[White "hcarstens"]
[Black "ars-felidae"]
[Result "0-1"]
[WhiteElo "1231"]
[BlackElo "1270"]
[Opening "Sicilian defense"]
[ECO "B20"]
[Time "13:00:24"]
[TimeControl "2700+45"]

1. e4 c5 2. Bc4 e6 3. Nf3 d5 4. exd5 exd5 5. Bb5+ Bd7 6. Bxd7+ Qxd7 7. O-O Nc6
8. Re1+ Be7 9. d3 Nf6 10. Nc3 O-O 11. Be3 d4 12. Bd2 dxc3 13. Bxc3 Rae8 14. Qd2
Nd4 15. Bxd4 cxd4 16. Rf1 Nh5 17. c3 Bd6 18. g3 Nf4 19. Nxd4 Nh3+ 20. Kg2 Be5
21. Nf3 Qg4 22. Nxe5 Rxe5 23. d4 Re2 24. Qxe2 Qxe2 25. Rae1 Qxb2 26. Kxh3 Qxc3
27. Re3 Qxd4 28. Rfe1 Qd7+ 29. Kg2 Qd5+ 30. f3 Qxa2+ 31. Kh3 f6 32. Re7 Qd5 33.
R1e4 h6 34. Rb4 Rf7 35. Re8+ Kh7 36. Rbe4 Rc7 37. g4 f5 38. R4e5 Qxf3+ 39. Kh4
Qxg4# {White checkmated} 0-1

[Event "Team 45 45 League T42"]
[Site "Internet Chess Club"]
[Date "2009.09.08"]
[Round "6"]
[White "oldsj"]
[Black "frankd"]
[Result "1-0"]
[WhiteElo "1642"]
[BlackElo "1519"]
[Opening "Pirc: Austrian attack, dragon formation"]
[ECO "B09"]
[Time "19:00:21"]
[TimeControl "2700+45"]

1. e4 d6 2. d4 Nf6 3. Nc3 g6 4. f4 Bg7 5. Nf3 c5 6. Bb5+ Bd7 7. e5 Ng4 8. h3
Bxb5 9. Nxb5 Qa5+ 10. Nc3 cxd4 11. Nxd4 dxe5 12. Nb3 Qb4 13. Qxg4 Nc6 14. Bd2
exf4 15. O-O-O O-O 16. Nd5 Qd6 17. Bxf4 Qe6 18. Qxe6 fxe6 19. Nc7 Rac8 20. Nxe6
Rf6 21. Nxg7 Rxf4 22. Ne6 Rf2 23. Rd2 Rf6 24. Ned4 e5 25. Nxc6 Rfxc6 26. Rhd1
R6c7 27. Rd8+ Rxd8 28. Rxd8+ Kf7 29. Nd2 {Black resigns} 1-0

[Event "Team 45 45 League T42"]
[Site "Internet Chess Club"]
[Date "2009.09.07"]
[Round "6"]
[White "cazj"]
[Black "Berkshires"]
[Result "0-1"]
[WhiteElo "1295"]
[BlackElo "1552"]
[Opening "Hungarian defense"]
[ECO "C50"]
[Time "18:30:20"]
[TimeControl "2700+45"]

1. e4 e5 2. Nf3 Nc6 3. Bc4 Be7 4. d3 Nf6 5. Nc3 O-O 6. b3 Bb4 7. Bb2 d5 8. exd5
Nxd5 9. Bxd5 Qxd5 10. O-O Qe6 11. Re1 Re8 12. d4 Qf6 13. a3 Bd6 14. Nd5 Qf5 15.
dxe5 Nxe5 16. Bxe5 Bxe5 17. Nxe5 Rxe5 18. Ne7+ Rxe7 19. Qd7 {White resigns} 0-1

[Event "Team 45 45 League T42"]
[Site "Internet Chess Club"]
[Date "2009.09.07"]
[Round "6"]
[White "beerss"]
[Black "dinosaurs01"]
[Result "0-1"]
[WhiteElo "1328"]
[BlackElo "1374"]
[Opening "Scotch opening"]
[ECO "C44"]
[Time "18:00:12"]
[TimeControl "2700+45"]

1. e4 e5 2. Nf3 Nc6 3. d4 d6 4. dxe5 dxe5 5. Qxd8+ Kxd8 6. Bd3 Nf6 7. O-O Bd6 8.
a3 Bg4 9. Ng5 Ke8 10. f3 Bd7 11. Nc3 Bc5+ 12. Kh1 h6 13. Nh3 Rd8 14. Nf2 Be6 15.
Nfd1 Ke7 16. Be3 Bxe3 17. Nxe3 Nh5 18. Ncd5+ Bxd5 19. Nxd5+ Kd6 20. Rad1 Rb8 21.
Bb5 g6 22. Bxc6 Kxc6 23. Nb4+ Kb6 24. c4 a5 25. Nd5+ Kc6 26. b3 Rhe8 27. b4 axb4
28. axb4 b6 29. b5+ Kb7 30. Nb4 Nf6 31. Nc6 Ra8 32. g4 Ra4 33. Ra1 Rea8 34. Rac1
Ra2 35. Nb4 Rb2 36. Nd3 Rd2 37. Nxe5 Raa2 38. Rfd1 Rxh2+ 39. Kg1 Rag2+ 40. Kf1
Nh7 41. Nxf7 Ng5 42. Ne5 Nh3 43. Nd3 Rg1# {White checkmated} 0-1

[Event "Team 45 45 League T42"]
[Site "Internet Chess Club"]
[Date "2009.09.09"]
[Round "6"]
[White "taichichen"]
[Black "chips"]
[Result "1-0"]
[WhiteElo "1250"]
[BlackElo "1196"]
[Opening "Three knights: Steinitz variation"]
[ECO "C46"]
[Time "16:02:25"]
[TimeControl "2700+45"]

1. e4 e5 2. Nf3 Nc6 3. Nc3 g6 4. Bc4 Bg7 5. d3 d6 6. Ng5 Nh6 7. O-O Na5 8. Bb3
Nxb3 9. axb3 O-O 10. Be3 f5 11. exf5 Bxf5 12. f4 exf4 13. Bxf4 Bd4+ 14. Kh1 Ng4
15. Qf3 Nxh2 16. Qd5+ Kh8 17. Qxd4+ Qf6 18. Qxf6+ Rxf6 19. Kxh2 {Black resigns}
1-0

[Event "Team 45 45 League T42"]
[Site "Internet Chess Club"]
[Date "2009.09.06"]
[Round "6"]
[White "xlxe5"]
[Black "ilknight"]
[Result "1-0"]
[WhiteElo "1426"]
[BlackElo "1409"]
[Opening "Colle system"]
[ECO "D05"]
[Time "11:07:22"]
[TimeControl "2700+45"]

1. d4 d5 2. Nf3 Nf6 3. e3 e6 4. Bd3 c5 5. c3 Nc6 6. Qe2 Bd6 7. Nbd2 O-O 8. e4
dxe4 9. Nxe4 Nxe4 10. Qxe4 g6 11. Bh6 Re8 12. O-O f5 13. Qe3 cxd4 14. Nxd4 Nxd4
15. Qxd4 e5 16. Qd5+ Kh8 17. Qf7 Re7 18. Bg7# {Black checkmated} 1-0

[Event "Team 45 45 League T42"]
[Site "Internet Chess Club"]
[Date "2009.09.08"]
[Round "6"]
[White "dxf"]
[Black "kingsrook"]
[Result "0-1"]
[WhiteElo "1117"]
[BlackElo "1321"]
[Opening "Caro-Kann defense"]
[ECO "B10"]
[Time "11:00:10"]
[TimeControl "2700+45"]

1. e4 c6 2. c3 d5 3. f3 e5 4. d3 Nf6 5. Ne2 Bd6 6. d4 Be6 7. dxe5 Bxe5 8. Nd4
Bd7 9. Bg5 dxe4 10. fxe4 O-O 11. Bd3 Re8 12. O-O Bg4 13. Bxf6 Bxf6 14. Qxg4
Bxd4+ 15. cxd4 Qxd4+ 16. Kh1 Qxd3 17. Rd1 Qe3 18. Nc3 Na6 19. Rd7 Nc5 20. Rf1
Nxd7 21. Qxd7 Rf8 22. Qxb7 Rab8 23. Qxc6 Rxb2 24. Rd1 Qf2 25. e5 h6 26. Rg1 Rc2
27. e6 fxe6 28. Qxe6+ Kh8 29. Qe5 Qxg1+ 30. Kxg1 Rc1+ {White resigns} 0-1

[Event "Team 45 45 League T42"]
[Site "Internet Chess Club"]
[Date "2009.09.07"]
[Round "6"]
[White "WzeroMN"]
[Black "theartist"]
[Result "1-0"]
[WhiteElo "1213"]
[BlackElo "1099"]
[Opening "French: advance, Euwe variation"]
[ECO "C02"]
[Time "12:30:35"]
[TimeControl "2700+45"]

1. e4 e6 2. d4 d5 3. e5 c5 4. Nf3 Nc6 5. c3 Bd7 6. Bb5 f6 7. O-O Qc7 8. Re1 Be7
9. Bf4 cxd4 10. cxd4 Qb6 11. Nc3 fxe5 12. Nxe5 Nxe5 13. Bxd7+ Nxd7 14. Rb1 O-O-O
15. Qc1 Bd6 16. Nb5+ Nc5 17. Nxd6+ Rxd6 18. dxc5 Rc6 19. cxb6 Rxc1 20. Rexc1+
Kd7 21. Rc7+ Ke8 22. bxa7 {Black resigns} 1-0

[Event "Team 45 45 League T42"]
[Site "Internet Chess Club"]
[Date "2009.09.07"]
[Round "6"]
[White "Renagade"]
[Black "bowwrestler"]
[Result "1-0"]
[WhiteElo "1163"]
[BlackElo "1039"]
[Opening "Scandinavian: Pytel-Wade variation"]
[ECO "B01"]
[Time "13:58:20"]
[TimeControl "2700+45"]

1. e4 d5 2. exd5 Qxd5 3. Nc3 Qd6 4. Nf3 Nf6 5. Bc4 a6 6. O-O e5 7. d3 b5 8. Bb3
Nbd7 9. Be3 Bb7 10. a3 Be7 11. h3 O-O 12. d4 Rad8 13. dxe5 Nxe5 14. Nxe5 Qxe5
15. Qc1 Bd5 16. Re1 Bxb3 17. cxb3 Bc5 18. Bxc5 Qxc5 19. Ne4 Qxc1 20. Nxf6+ gxf6
21. Raxc1 Rc8 22. Rc6 a5 23. Rxf6 b4 24. a4 Kg7 25. Ra6 Ra8 26. Rxa8 Rxa8 27.
Re7 Rc8 28. f4 Kf6 29. Re5 Ra8 30. g4 h6 31. Kf2 Kg6 32. Rc5 Ra7 33. Kg3 f6 34.
Kh4 Kh7 35. Kh5 Kg7 36. Rd5 c6 37. Rc5 Ra6 38. h4 Kh7 39. Rf5 Kg7 40. g5 fxg5
41. fxg5 hxg5 42. hxg5 Ra8 43. Rf6 c5 44. Rc6 Rh8+ 45. Kg4 Rg8 46. g6 Kf8 47.
Kg5 Kg7 48. Rc7+ Kf8 49. Rf7+ Ke8 50. Kf6 Rh8 51. Kg7 Rh2 52. Rf8+ Ke7 53. Rh8
Rxb2 54. Rh3 Rg2 55. Re3+ Kd6 56. Rf3 Ke6 57. Rf6+ Ke7 58. Rf5 Rc2 59. Re5+ Kd6
60. Kf6 Rg2 61. g7 Kd7 62. Rg5 Rb2 63. g8=Q Rf2+ 64. Rf5 Re2 65. Qd5+ Ke8 66.
Re5+ Rxe5 67. Qxe5+ Kd7 68. Qe6+ Kd8 69. Qd6+ Kc8 70. Ke6 c4 71. Qc6+ Kb8 72.
Kd6 c3 73. Qb6+ Ka8 74. Kc7 c2 75. Qb7# {Black checkmated} 1-0

[Event "Team 45 45 League T42"]
[Site "Internet Chess Club"]
[Date "2009.09.05"]
[Round "6"]
[White "JimGaming"]
[Black "cobbler"]
[Result "1-0"]
[WhiteElo "1284"]
[BlackElo "1265"]
[Opening "French: Tarrasch"]
[ECO "C03"]
[Time "14:00:20"]
[TimeControl "2700+45"]

1. e4 e6 2. d4 d5 3. Nd2 dxe4 4. Nxe4 Be7 5. Nf3 Nf6 6. Nxf6+ Bxf6 7. c3 b6 8.
Bd3 Nd7 9. Bf4 Bb7 10. Be2 Be7 11. Qd2 c5 12. Bg5 O-O 13. h4 Nf6 14. O-O-O Ne4
15. Bxe7 Qxe7 16. Qe3 Rac8 17. Bf1 h6 18. Ba6 f5 19. Bxb7 Qxb7 20. Ne5 Nf6 21.
f3 Nh5 22. Rhg1 Qd5 23. c4 Qd8 24. d5 Qxh4 25. Ng6 Qxc4+ 26. Kb1 f4 27. Qxe6+
Kh7 28. Nxf8+ Rxf8 29. Qe4+ Qxe4+ 30. fxe4 Re8 31. Rge1 Nf6 32. e5 Ng4 33. e6
Ne3 34. Rd2 Kg6 35. Rxe3 fxe3 36. Rd3 e2 37. Re3 Rd8 38. e7 Re8 39. d6 Rb8 40.
e8=Q+ Rxe8 41. Rxe8 Kf7 42. Rxe2 {Black resigns} 1-0

[Event "Team 45 45 League T42"]
[Site "Internet Chess Club"]
[Date "2009.09.07"]
[Round "6"]
[White "joaoazm"]
[Black "MeansToAnEnd"]
[Result "1-0"]
[WhiteElo "1234"]
[BlackElo "1102"]
[Opening "Four knights: Scotch, 4...exd4"]
[ECO "C47"]
[Time "20:01:04"]
[TimeControl "2700+45"]

1. e4 e5 2. Nc3 Nc6 3. Nf3 Nf6 4. d4 exd4 5. Nxd4 Nxd4 6. Qxd4 b6 7. Bg5 Be7 8.
e5 Nh5 9. Bxe7 Qxe7 10. O-O-O O-O 11. Nd5 Qg5+ 12. f4 c5 13. fxg5 cxd4 14. Rxd4
Bb7 15. c4 Rac8 16. Ne7+ Kh8 17. Nxc8 Bxc8 18. g4 Re8 19. gxh5 Rxe5 20. h4
{Black resigns} 1-0

[Event "Team 45 45 League T42"]
[Site "Internet Chess Club"]
[Date "2009.09.04"]
[Round "6"]
[White "sere"]
[Black "PsyMar"]
[Result "1-0"]
[WhiteElo "1106"]
[BlackElo "1055"]
[Opening "Ruy Lopez: exchange variation, 5.O-O"]
[ECO "C68"]
[Time "11:01:25"]
[TimeControl "2700+45"]

1. e4 e5 2. Nf3 Nc6 3. Bb5 a6 4. Bxc6 dxc6 5. O-O Nf6 6. Nxe5 Qd6 7. d4 c5 8.
Nf3 Bg4 9. e5 Qxd4 10. Nxd4 Bxd1 11. exf6 O-O-O 12. Rxd1 gxf6 13. Nc3 Bg7 14.
Nf3 Rxd1+ 15. Nxd1 Rd8 16. Be3 b6 17. Nc3 f5 18. Nh4 Bxc3 19. bxc3 Rd5 20. c4
Rd7 21. Nxf5 Kb7 22. Ng3 Kc6 {Black resigns} 1-0

[Event "Team 45 45 League T42"]
[Site "Internet Chess Club"]
[Date "2009.09.06"]
[Round "6"]
[White "Timotheous"]
[Black "Razorbackchess"]
[Result "1/2-1/2"]
[WhiteElo "1670"]
[BlackElo "1806"]
[Opening "Réti opening"]
[ECO "A30"]
[Time "17:12:02"]
[TimeControl "2700+45"]

1. Nf3 c5 2. c4 g6 3. g3 Bg7 4. Bg2 Nc6 5. O-O e5 6. d3 Nge7 7. Nc3 d6 8. a3 O-O
9. Rb1 h6 10. b4 b6 11. b5 Na5 12. Bd2 Nb7 {Game drawn by mutual agreement}
1/2-1/2

[Event "Team 45 45 League T42"]
[Site "Internet Chess Club"]
[Date "2009.09.05"]
[Round "6"]
[White "SilverBlade"]
[Black "kingphisch"]
[Result "1/2-1/2"]
[WhiteElo "1607"]
[BlackElo "1568"]
[Opening "Caro-Kann defense"]
[ECO "B10"]
[Time "13:03:48"]
[TimeControl "2700+45"]

1. e4 c6 2. Nf3 d5 3. exd5 cxd5 4. d4 Nc6 5. Nc3 Nf6 6. h3 e6 7. Be3 Bb4 8. a3
Be7 9. Bb5 O-O 10. O-O Qc7 11. Re1 a6 12. Bxc6 bxc6 13. Ne5 Bb7 14. Qf3 c5 15.
Ne2 cxd4 16. Bxd4 Ne4 17. c3 Bd6 18. Nd3 Bh2+ 19. Kh1 Nd2 20. Qg4 f5 21. Qxg7+
Qxg7 22. Bxg7 Kxg7 23. g3 Nf3 24. Red1 Rac8 25. Nd4 Nxd4 26. cxd4 Bxg3 27. fxg3
Kf6 28. Nc5 Rf7 29. Rac1 Rcc7 30. Nxb7 Rxc1 31. Rxc1 Rxb7 32. b4 h5 33. Rc6 Ra7
34. Kg2 Ra8 35. Kf3 {Game drawn by mutual agreement} 1/2-1/2

[Event "Team 45 45 League T42"]
[Site "Internet Chess Club"]
[Date "2009.09.06"]
[Round "6"]
[White "twintower"]
[Black "Mudfrog"]
[Result "0-1"]
[WhiteElo "1431"]
[BlackElo "1522"]
[Opening "Ruy Lopez: 5.O-O"]
[ECO "C78"]
[Time "19:01:34"]
[TimeControl "2700+45"]

1. e4 e5 2. Nf3 Nc6 3. Bb5 a6 4. Ba4 Nf6 5. O-O b5 6. Bb3 Bc5 7. c3 Bb6 8. h3 d6
9. d3 O-O 10. Nbd2 Na5 11. Bc2 c5 12. Re1 Bb7 13. Nf1 Nc6 14. Ng3 b4 15. Nf5
bxc3 16. bxc3 Ba5 17. Bb2 Bc8 18. g4 Rb8 19. Rb1 Bxf5 20. gxf5 Rxb2 21. Rxb2
Bxc3 22. Rb7 Bxe1 23. Qxe1 Nh5 24. Qe3 Nf4 25. Kh2 Qf6 26. Rb1 Nb4 27. Rb2 Qh6
{White resigns} 0-1

[Event "Team 45 45 League T42"]
[Site "Internet Chess Club"]
[Date "2009.09.06"]
[Round "6"]
[White "BrerRabbit"]
[Black "John3v16"]
[Result "1-0"]
[WhiteElo "1591"]
[BlackElo "1622"]
[Opening "English: Caro-Kann defensive system"]
[ECO "A11"]
[Time "15:30:16"]
[TimeControl "2700+45"]

1. c4 c6 2. g3 d5 3. Bg2 dxc4 4. Na3 Be6 5. Qc2 a5 6. Nxc4 Na6 7. d3 Nb4 8. Qd1
Bxc4 9. dxc4 Qxd1+ 10. Kxd1 Nf6 11. Bd2 O-O-O 12. a3 Na6 13. Kc2 a4 14. Nh3 h6
15. Nf4 Nc5 16. Rad1 Ng4 17. Be3 Nxe3+ 18. fxe3 Rd6 19. Rhf1 Rxd1 20. Kxd1 e6
21. Nd3 f6 22. Nf4 e5 23. Ng6 Rg8 24. Nxf8 Rxf8 25. Kc2 g5 26. Bh3+ Kd8 27. Bf5
Ke7 28. Rd1 Ra8 29. Kc3 Rd8 30. Rxd8 Kxd8 31. Kb4 b6 32. Bc2 e4 33. Bxa4 Nxa4
34. Kxa4 Kd7 35. Kb4 Kd6 36. a4 f5 37. Kc3 b5 38. cxb5 cxb5 39. axb5 Kc5 40. b6
Kxb6 41. Kd4 {Black resigns} 1-0

[Event "Team 45 45 League T42"]
[Site "Internet Chess Club"]
[Date "2009.09.04"]
[Round "6"]
[White "kidcobra"]
[Black "bmw2002"]
[Result "1/2-1/2"]
[WhiteElo "1578"]
[BlackElo "1637"]
[Opening "Caro-Kann: classical, Maróczy attack"]
[ECO "B18"]
[Time "08:54:10"]
[TimeControl "2700+45"]

1. e4 c6 2. Nc3 d5 3. d4 dxe4 4. Nxe4 Bf5 5. Ng3 Bg6 6. f4 e6 7. Nf3 Nd7 8. Bd3
Ngf6 9. Bxg6 hxg6 10. Be3 Qc7 11. O-O Rd8 12. Re1 Ng4 13. Bd2 Ndf6 14. c4 Bd6
15. Qc1 Kf8 16. a3 c5 17. h3 Nh6 18. dxc5 Bxc5+ 19. Be3 Nf5 20. Nxf5 gxf5 21.
Bxc5+ Qxc5+ 22. Qe3 Ne4 23. Qxc5+ Nxc5 24. Red1 Ke7 25. b4 Ne4 26. Ne5 Nd2 27.
c5 Kf6 28. Kh2 Rd5 29. c6 bxc6 30. Nxc6 g5 31. fxg5+ Kxg5 32. Nxa7 Rhd8 33. Re1
Ra8 34. Nc6 Nc4 35. Rac1 Nxa3 36. Ra1 Ra6 37. Ne7 Rd3 38. Rec1 Rb6 39. Nc6 Nb5
40. Ne5 Rd4 41. Nf3+ Kf4 42. Nxd4 Nxd4 43. Rc4 e5 44. Rf1+ Kg5 45. Re1 f6 46.
Ra1 f4 47. Ra5 Nc6 48. Ra4 Kf5 49. b5 Nd4 50. Rc5 Rxb5 51. Rxb5 Nxb5 52. g4+ Kg5
53. Rb4 Nd4 54. Kg2 f5 55. gxf5 Kxf5 56. Rb8 f3+ 57. Kf2 e4 58. Rf8+ Ke5 59. h4
Nf5 60. h5 Kf4 61. Re8 Ng7 62. Rf8+ Kg5 63. Ke3 Kxh5 64. Kxe4 Ne6 65. Rh8+ Kg4
66. Rg8+ Ng5+ 67. Ke3 Kh4 68. Kf4 Kh3 69. Rxg5 f2 70. Rg3+ Kh2 71. Rf3 Kg2 72.
Rg3+ Kh2 73. Rf3 Kg2 74. Ke3 f1=Q 75. Rxf1 Kxf1 {Game drawn because neither
player has mating material} 1/2-1/2

[Event "Team 45 45 League T42"]
[Site "Internet Chess Club"]
[Date "2009.09.08"]
[Round "6"]
[White "zepled37"]
[Black "Skyler"]
[Result "1-0"]
[WhiteElo "1675"]
[BlackElo "1427"]
[Opening "Sicilian: Grand Prix attack"]
[ECO "B23"]
[Time "19:00:54"]
[TimeControl "2700+45"]

1. e4 c5 2. Nc3 Nc6 3. f4 g6 4. Nf3 Bg7 5. Bb5 e6 6. Bxc6 bxc6 7. O-O Ne7 8. d3
O-O 9. Be3 Qa5 10. Qe1 Qb4 11. Rb1 d5 12. a3 Qb6 13. Na4 Qb5 14. Bxc5 Qxa4 15.
Bxe7 Re8 16. b3 Qb5 17. Bd6 a5 18. e5 a4 19. b4 Ba6 20. Qc3 Red8 21. Nd4 Qb6 22.
Bc5 Qc7 23. Bd6 Qb6 24. Qc5 Qxc5 25. bxc5 Rdc8 26. Rb6 Ra7 27. Nxc6 Rd7 28. Rxa6
f6 29. Ne7+ Rxe7 30. Bxe7 fxe5 31. fxe5 Bxe5 32. Rxe6 Bd4+ 33. Kh1 Bxc5 34. Bxc5
Rxc5 35. Re8+ Kg7 36. Re7+ Kg8 37. Ra7 Rxc2 38. Rxa4 Rc3 39. d4 Rb3 40. h3 Rg3
41. Kh2 Rd3 42. Rf3 {Black resigns} 1-0

[Event "Team 45 45 League T42"]
[Site "Internet Chess Club"]
[Date "2009.09.06"]
[Round "6"]
[White "ThePatzer"]
[Black "LeanSixSigma"]
[Result "0-1"]
[WhiteElo "1235"]
[BlackElo "1310"]
[Opening "Queen's pawn, Mason variation"]
[ECO "D00"]
[Time "08:00:17"]
[TimeControl "2700+45"]

1. d4 d5 2. Bf4 Nf6 3. e3 Nc6 4. Nf3 h6 5. Bd3 Bg4 6. Nbd2 Ne4 7. Nxe4 dxe4 8.
Bxe4 e6 9. c3 Qd7 10. Qb3 Bxf3 11. Bxf3 O-O-O 12. O-O Na5 13. Qc2 Bd6 14. Bxd6
Qxd6 15. Rfd1 Kb8 16. d5 e5 17. Qa4 b6 18. Be2 Nb7 19. b4 Qd7 20. Bb5 Qg4 21.
Bc6 Nd6 22. Qa6 Qc4 23. b5 Qxc3 24. a4 Qa5 25. Qxa5 bxa5 26. Rac1 Nc8 27. e4 Nb6
28. Ra1 Rd6 29. Rdc1 Rf8 30. f3 f5 31. Rf1 fxe4 32. fxe4 Rdf6 33. Rxf6 Rxf6 34.
g3 Nc4 35. Ra2 Ne3 36. Rf2 Rxf2 37. Kxf2 Ng4+ 38. Kg2 Nf6 39. Kf3 g5 40. g4 Kc8
41. h3 Kd8 42. Ke3 Ke7 43. Kd3 Kd6 44. Kc4 Nxe4 45. Kd3 Nc5+ 46. Ke3 Nxa4 47.
Ke4 Nb6 48. Kf5 a4 {White resigns} 0-1

[Event "Team 45 45 League T42"]
[Site "Internet Chess Club"]
[Date "2009.09.07"]
[Round "6"]
[White "ffplayer"]
[Black "RancidTurnip"]
[Result "0-1"]
[WhiteElo "1042"]
[BlackElo "1253"]
[Opening "Benoni: 6.e4"]
[ECO "A65"]
[Time "21:57:55"]
[TimeControl "2700+45"]

1. d4 Nf6 2. c4 e6 3. Nc3 c5 4. d5 exd5 5. cxd5 d6 6. e4 Nbd7 7. Bg5 Be7 8. Nf3
h6 9. Bh4 a6 10. Be2 Qb6 11. Qc2 Ne5 12. Nxe5 dxe5 13. O-O O-O 14. b3 Re8 15.
Bg3 Bd6 16. Bc4 Nh5 17. Qd3 Nxg3 18. Qxg3 Qb4 19. a3 Qb6 20. a4 Qb4 21. Qe3 f5
22. f3 f4 23. Qc1 Bd7 24. a5 b5 25. axb6 Qxb6 26. Na4 Qb4 27. Qc2 Reb8 28. Rab1
Bxa4 29. bxa4 Qa3 30. Ra1 Qe3+ 31. Kh1 Rb4 32. Rfe1 Qd4 33. Bf1 c4 34. Rad1 Rb2
35. Qc1 Qb6 36. Qa1 Rc8 37. Re2 c3 38. Rxb2 cxb2 39. Qb1 Qf2 40. Qa2 Rc2 41. Qb1
Bc5 42. Bxa6 Qxg2# {White checkmated} 0-1

[Event "Team 45 45 League T42"]
[Site "Internet Chess Club"]
[Date "2009.09.07"]
[Round "6"]
[White "WannaB"]
[Black "Graybeard"]
[Result "0-1"]
[WhiteElo "997"]
[BlackElo "1115"]
[Opening "French: Steinitz variation"]
[ECO "C11"]
[Time "21:00:36"]
[TimeControl "2700+45"]

1. e4 e6 2. d4 d5 3. Nc3 Nf6 4. e5 Nfd7 5. Nf3 c5 6. Bb5 Nc6 7. Bxc6 bxc6 8. Bg5
Be7 9. Bxe7 Qxe7 10. O-O Ba6 11. Re1 c4 12. a3 Nb6 13. b4 O-O 14. Qc1 h6 15. Qb1
Rab8 16. Ra2 Rb7 17. b5 cxb5 18. Qb4 Na4 19. Qa5 Qc7 20. Qxc7 Rxc7 21. Nxa4 bxa4
22. c3 Rb7 23. Raa1 Rb2 24. Rec1 Rfb8 25. Ne1 R2b3 26. Nf3 Bc8 27. Nd2 Rb2 28.
Nf3 g5 29. Ne1 Kg7 30. Nc2 a5 31. Ne3 f5 32. Nd1 R2b3 33. Ne3 f4 34. Nd1 Bd7 35.
g3 f3 36. Ne3 h5 37. h3 Be8 38. Kh2 Bg6 39. g4 Rb1 40. gxh5 Rxa1 41. Rxa1 Bxh5
42. Kg3 Rb3 43. Nd1 Kg6 44. h4 Kf5 45. Ne3+ Kg6 46. Ng4 Bxg4 47. Kxg4 Rxc3 48.
h5+ Kh6 49. Rb1 Rb3 50. Ra1 c3 51. Ra2 Rb2 52. Ra1 Rxf2 53. Kg3 Rd2 54. Kxf3 c2
55. Rc1 Kxh5 56. Ke3 Rg2 57. Kd3 g4 58. Rh1+ Kg5 59. Rc1 g3 60. Ke3 Kg4 61. Kd3
Kf4 62. Rxc2 Rxc2 63. Kxc2 g2 64. Kd2 g1=Q {White resigns} 0-1